 Dungeon Crawl Stone Soup version 0.23-a0-629-gae4348f6cf (webtiles) character file.

10798 Napalmbreeze the Spear-Bearer (level 11, -10/86 HPs)
             Began as a Demonspawn Gladiator on Dec 26, 2018.
             Was a Follower of Yredelemnul.
             Mangled by a seven-headed hydra (11 damage)
             ... on level 2 of the Lair of Beasts.
             The game lasted 00:38:53 (12489 turns).

Napalmbreeze the Spear-Bearer (DsGl)               Turns: 12489, Time: 00:38:53

Health: -10/86     AC: 15    Str: 18    XL:     11   Next: 40%
Magic:  16/16      EV: 11    Int:  9    God:    Yredelemnul [*.....]
Gold:   474        SH: 11    Dex: 15    Spells: 10/10 levels left

rFire    . . .     SeeInvis .   a - +0 trident
rCold    . . .     Gourm    .   y - +0 buckler
rNeg     + . .     Faith    .   L - +0 shadow dragon scales
rPois    +         Spirit   .   c - +1 helmet
rElec    .         Reflect  .   (no cloak)
rCorr    .         Harm     .   (no gloves)
MR       .....                  (no boots)
Stlth    ++........             (no amulet)
HPRegen  0.24/turn              E - ring of positive energy
MPRegen  0.15/turn              r - ring of poison resistance

@: injury mirror
A: hooves 2, large bone plates 2, powered by death 1, powered by pain 1
a: Animate Remains, Renounce Religion


You were on level 2 of the Lair of Beasts.
You worshipped Yredelemnul.
Yredelemnul was aware of your devotion.
You were not hungry.

You visited 3 branches of the dungeon, and saw 13 of its levels.

You collected 474 gold pieces.

Inventory:

Hand Weapons
 a - a +0 trident (weapon)
 O - the +9 great sword "Vewne" {drain, +Rage rPois}
   (You found it on level 1 of the Lair of Beasts)

   A truly terrible weapon, it drains the life of those it strikes.
   It protects you from poison.
   It lets you go berserk.
Missiles
 d - 6 throwing nets (quivered)
Armour
 c - a +1 helmet (worn)
 v - a +0 scale mail
 y - a +0 buckler (worn)
 A - a +0 shield
 L - +0 shadow dragon scales (worn)
Jewellery
 r - a ring of poison resistance (right hand)
 E - a ring of positive energy (left hand)
 I - an uncursed ring of protection from cold
Wands
 m - a wand of iceblast (10)
 t - a wand of digging (3)
 N - a wand of scattershot (5)
Scrolls
 h - 3 scrolls of enchant armour
 i - 6 scrolls of teleportation
 j - 3 scrolls of amnesia
 q - 4 scrolls of fear
 s - 8 scrolls of remove curse
 u - 2 scrolls of noise
 x - a scroll of immolation
 D - 6 scrolls of blinking
 F - 5 scrolls of fog
 K - a scroll of vulnerability
 M - 3 scrolls of enchant weapon {unknown}
Potions
 b - 3 potions of resistance
 e - a potion of berserk rage {unknown}
 g - 3 potions of degeneration {unknown}
 k - 2 potions of heal wounds
 l - a potion of mutation {unknown}
 n - a potion of brilliance {unknown}
 o - a potion of invisibility {unknown}
 p - 3 potions of magic
 w - 2 potions of lignification
 z - 2 potions of haste {unknown}
 B - 4 potions of agility {unknown}
 C - 3 potions of might {unknown}
 G - a potion of flight {unknown}
 H - a potion of curing {unknown}
 J - a potion of cancellation {unknown}
Miscellaneous
 P - a lamp of fire
Comestibles
 f - 21 rations


   Skills:
 + Level 8.0 Fighting
 + Level 9.3 Polearms
 - Level 1.7 Throwing
 + Level 6.9 Armour
 + Level 7.6 Dodging
 + Level 4.5 Shields
 + Level 7.5 Invocations


You had 10 spell levels left.
You didn't know any spells.
Your spell library contained the following spells:

 Spells                   Type           Power        Failure   Level  Hunger
 Beastly Appendage        Tmut           #.....       99%         1    ##.....
 Flame Tongue             Conj/Fire      #....        99%         1    ##.....
 Sticks to Snakes         Tmut           #.......     99%         2    ###....
 Throw Flame              Conj/Fire      #.....       99%         2    ###....
 Conjure Flame            Conj/Fire      #.......     100%        3    ####...
 Inner Flame              Hex/Fire       #.......     100%        3    ####...
 Spider Form              Tmut/Pois      #.........   100%        3    ####...
 Ice Form                 Ice/Tmut       #.......     100%        4    #####..
 Sticky Flame             Conj/Fire      #.......     100%        4    #####..
 Blade Hands              Tmut           #.........   100%        5    ######.
 Fireball                 Conj/Fire      #.........   100%        5    ######.


Dungeon Overview and Level Annotations

Branches:
Dungeon (10/15)            Temple (1/1) D:4            Lair (2/6) D:10
    Orc (0/2) D:9
  Swamp: Lair:2-4    Shoals: Lair:2-4     Snake: Lair:2-4    Spider: Lair:2-4

Altars:
Ashenzari
Cheibriados
Dithmenos
Elyvilon
Fedhas
Gozag
Hepliaklqana
Kikubaaqudgha
Makhleb
Nemelex Xobeh
Okawaru
Qazlal
Ru
Sif Muna
Trog
Uskayaw
Vehumet
Wu Jian
Xom
Yredelemnul
Zin
The Shining One

Annotations:
D:6 1 runed door, Multipenetrator's ghost, novice MfFi
D:9 2 transporters
Lair:2 2 runed doors, nawrastar's ghost, journeyman TeAE


Innate Abilities, Weirdness & Mutations

You have hoof-like feet.
You are mostly covered in large bone plates. (SH +6)
You regenerate a little health from kills.
You sometimes gain a little power by taking damage.


Message History

The seven-headed hydra bites you.
* * * LOW HITPOINT WARNING * * *
Yredelemnul mirrors your injury!
The seven-headed hydra is almost dead.
You can no longer recall your undead slaves.
You can no longer mirror injuries on your foes.
The seven-headed hydra bites you.
* * * LOW HITPOINT WARNING * * *
You completely miss the seven-headed hydra.
The seven-headed hydra is almost dead.
You block the seven-headed hydra's attack.
The seven-headed hydra misses you. The seven-headed hydra bites you!
* * * LOW HITPOINT WARNING * * *
You block the seven-headed hydra's attack.
The seven-headed hydra bites you.
* * * LOW HITPOINT WARNING * * *
The seven-headed hydra closely misses you.
The seven-headed hydra bites you!
You die...
Your body rises from the dead as a mindless zombie.

......#...##...
................
....[.........#
..l...........P.#
....#.........#.##
.....#......./#...###
......................####
.......................P..
.........P...D@...........
..........P.........$.......
..........##................
...........P................
.................##......##.
.....####........P#P....<..
.......#..........#.........
........#..........##....#..
...................# #######


You could see a seven-headed hydra.

Vanquished Creatures
  A hydra (Lair:2)
  Erolcha (D:9)
  A two-headed ogre (D:9)
  The ghost of gordon the Geomancer, a journeyman GrEE of Vehumet (Lair:1)
  Joseph (D:9)
  4 spiny frogs
  A komodo dragon (Lair:2)
  4 hippogriffs
  5 yaks
  A hungry ghost (D:9)
  3 porcupines
  An orc warrior (D:7)
  2 black bears
  2 sky beasts (D:8)
  2 phantoms
  5 ogres
  A wolf (D:9)
  5 centaurs
  4 crocodiles
  4 bullfrogs
  2 scorpions
  A water moccasin skeleton (D:6)
  3 wights (D:6)
  3 bullfrog zombies
  3 crimson imps
  A centaur skeleton (D:5)
  8 orc priests
  6 hounds
  A jelly (D:6)
  7 orc wizards
  Crazy Yiuf (D:7)
  2 bullfrog skeletons (D:6)
  An iguana (D:6)
  Terence (D:2)
  7 worker ants
  A hound zombie (D:6)
  A hound skeleton (D:7)
  A howler monkey zombie (D:6)
  Robin (D:2)
  A howler monkey skeleton (D:7)
  14 adders
  A shadow imp (D:4)
  4 oozes
  3 adder skeletons
  2 worms
  2 dart slugs
  4 leopard geckos
  30 orcs
  4 giant cockroaches
  21 goblins
  24 hobgoblins
  15 jackals
  3 ball pythons
  20 bats
  5 frilled lizards
  8 kobolds
  A leopard gecko skeleton (D:4)
  8 rats
270 creatures vanquished.

Vanquished Creatures (collateral kills)
  Harold (Lair:1)
  A troll (D:8)
  Grum (D:9)
  2 wargs (D:10)
  An orc warrior (D:10)
  An ogre (D:9)
  A wolf (D:9)
  A crocodile (D:9)
  3 bullfrogs
  A crimson imp (D:10)
  An orc priest (D:10)
  An orc wizard (D:10)
  A hound zombie (D:10)
  A worker ant zombie (D:9)
  2 adders
  A shadow imp (D:10)
  7 orcs
  A giant cockroach (D:7)
  2 fungi
30 creatures vanquished.

Vanquished Creatures (others)
  2 spiny frog zombies (Lair:2)
  2 hippogriff zombies
  A wight (D:10)
  2 centaur zombies
  A wolf skeleton (D:9)
  2 bullfrog zombies
  A porcupine zombie (Lair:1)
  2 crocodile zombies
  3 ogre zombies (D:9)
  A hound skeleton (D:10)
  2 hound zombies
  A gnoll zombie (D:9)
  A scorpion zombie (D:9)
  2 adder zombies
  7 orc zombies
  A bat zombie (D:7)
  A giant cockroach zombie (D:7)
  2 jackal zombies (D:8)
  A plant (Lair:1)
35 creatures vanquished.

Grand Total: 335 creatures vanquished

Notes
Turn   | Place    | Note
-------+----------+-------------------------------------------
     0 | D:1      | Napalmbreeze the Demonspawn Gladiator began the quest for
                  | the Orb.
     0 | D:1      | Reached XP level 1. HP: 16/16 MP: 1/1
   157 | D:1      | Gained mutation: You have large cloven feet. [demonic
                  | ancestry]
   157 | D:1      | Reached XP level 2. HP: 22/22 MP: 2/2
   164 | D:1      | Reached skill level 3 in Polearms
   562 | D:1      | Gained mutation: You sometimes gain a little power by
                  | taking damage. [demonic ancestry]
   562 | D:1      | Reached XP level 3. HP: 28/28 MP: 3/3
   701 | D:2      | Reached skill level 1 in Armour
  1111 | D:2      | Reached XP level 4. HP: 34/34 MP: 4/4
  1269 | D:2      | Noticed Terence
  1284 | D:2      | Killed Terence
  1328 | D:2      | Noticed Robin
  1345 | D:2      | Killed Robin
  1465 | D:2      | Gained mutation: You are partially covered in large bone
                  | plates. (SH +4) [demonic ancestry]
  1465 | D:2      | Reached XP level 5. HP: 37/40 MP: 5/5
  1832 | D:2      | Reached skill level 4 in Polearms
  2075 | D:3      | Found a sparkling altar of Nemelex Xobeh.
  2556 | D:3      | Reached XP level 6. HP: 38/47 MP: 6/6
  2904 | D:4      | Found a staircase to the Ecumenical Temple.
  2915 | Temple   | Entered the Ecumenical Temple
  2940 | Temple   | Became a worshipper of Yredelemnul the Dark
  3403 | D:4      | Got a smoking dagger
  3898 | D:4      | Found a staircase to the Ecumenical Temple.
  3904 | D:4      | Reached skill level 5 in Polearms
  3904 | D:4      | Reached XP level 7. HP: 46/53 MP: 7/7
  4184 | D:5      | Entered Level 5 of the Dungeon
  4208 | D:5      | Found a glowing silver altar of Zin.
  4224 | D:5      | Reached skill level 1 in Invocations
  4436 | D:5      | Found a stormy altar of Qazlal.
  5284 | D:6      | Gained mutation: You have hoof-like feet. [demonic
                  | ancestry]
  5284 | D:6      | Reached XP level 8. HP: 47/61 MP: 9/9
  5393 | D:6      | Reached * piety under Yredelemnul
  5428 | D:6      | Reached skill level 6 in Polearms
  5447 | D:6      | Found an ancient bone altar of Kikubaaqudgha.
  5563 | D:6      | Found a runed door.
  5563 | D:6      | Noticed Multipenetrator's ghost (novice MfFi)
  5895 | D:6      | Found a shattered altar of Ashenzari.
  6155 | D:6      | Found a blossoming altar of Fedhas.
  6156 | D:6      | Found a bloodstained altar of Trog.
  6332 | D:6      | Reached skill level 5 in Fighting
  6332 | D:6      | Reached skill level 5 in Dodging
  6572 | D:7      | Found a runed door.
  6578 | D:7      | Noticed Crazy Yiuf
  6587 | D:7      | Killed Crazy Yiuf
  6658 | D:7      | Reached ** piety under Yredelemnul
  6947 | D:7      | Reached skill level 7 in Polearms
  7178 | D:7      | Gained mutation: You are mostly covered in large bone
                  | plates. (SH +6) [demonic ancestry]
  7178 | D:7      | Reached XP level 9. HP: 54/68 MP: 12/12
  7449 | D:8      | Reached skill level 5 in Invocations
  7818 | D:8      | Found a hazy altar of Hepliaklqana.
  8310 | D:8      | Identified the +7 dagger of Compassion {vamp, Str+2 Dex+5}
                  | (You found it on level 4 of the Dungeon)
  8316 | D:9      | Noticed a troll
  8321 | D:9      | Found a transporter.
  8337 | D:8      | Killed a troll
  8561 | D:9      | Noticed Joseph
  8598 | D:9      | Killed Joseph
  8598 | D:9      | Reached skill level 8 in Polearms
  8598 | D:9      | Reached skill level 5 in Armour
  8733 | D:9      | Found a transporter.
  8747 | D:9      | Noticed a deep elf mage
  8754 | D:9      | Found a white marble altar of Elyvilon.
  8869 | D:9      | Noticed Grum
  8878 | D:9      | Killed Grum
  8924 | D:9      | Noticed Erolcha
  9114 | D:9      | Your ally Grum died
  9164 | D:9      | Noticed a two-headed ogre
  9267 | D:9      | Reached *** piety under Yredelemnul
  9276 | D:9      | Found a staircase to the Orcish Mines.
  9310 | D:9      | Reached skill level 1 in Shields
  9316 | D:9      | Gained mutation: You regenerate a little health from kills.
                  | [demonic ancestry]
  9316 | D:9      | Reached XP level 10. HP: 76/76 MP: 15/15
  9452 | D:9      | Found an iron altar of Okawaru.
  9490 | D:9      | Killed Erolcha
  9686 | D:9      | Killed a two-headed ogre
  9850 | D:9      | Found a burning altar of Makhleb.
  9907 | D:10     | Entered Level 10 of the Dungeon
 10263 | D:10     | Received a gift from Yredelemnul (a wight)
 10372 | D:10     | Found a staircase to the Lair.
 10613 | Lair:1   | Entered Level 1 of the Lair of Beasts
 10629 | Lair:1   | Noticed Harold
 10638 | Lair:1   | Got a smoking great sword
 10647 | Lair:1   | Identified the +9 great sword "Vewne" {drain, +Rage rPois}
                  | (You found it on level 1 of the Lair of Beasts)
 10794 | Lair:1   | Found a runed door.
 10801 | Lair:1   | Noticed gordon's ghost (journeyman GrEE)
 10835 | Lair:1   | HP: 2/79 [rock wall collision (13)]
 10835 | Lair:1   | Killed gordon's ghost
 11176 | Lair:1   | Noticed a spiny frog
 11190 | Lair:1   | Noticed a spiny frog
 11207 | Lair:1   | Killed a spiny frog
 11222 | Lair:1   | Reached XP level 11. HP: 33/84 MP: 16/16
 11230 | Lair:1   | Reached skill level 9 in Polearms
 11853 | Lair:1   | Killed Harold
 12119 | Lair:2   | Found a large runed door.
 12119 | Lair:2   | Found a large runed door.
 12160 | Lair:2   | Noticed a six-headed hydra
 12171 | Lair:2   | Killed a six-headed hydra
 12221 | Lair:2   | Noticed a seven-headed hydra
 12310 | Lair:2   | Noticed nawrastar's ghost (journeyman TeAE)
 12489 | Lair:2   | HP: 4/86 [seven-headed hydra (8)]
 12489 | Lair:2   | HP: 1/86 [seven-headed hydra (3)]
 12489 | Lair:2   | Mangled by a seven-headed hydra

Vault maps used:
D:1:      kennysheep_arrival_seaside, minmay_misc_feat_more_columns,
          chequers_serial_rivers_micro_e, minmay_tromino_v4_b
D:2:      minmay_increasing_density, uniq_terence, uniq_robin
D:3:      corexii_shack_village, nemelex_xobeh_ov_fountains_minmay
D:4:      minmay_temple_entry_glass, hangedman_decor_riveting
D:5:      kennysheep_mini, grunt_qazlal_sundering, first_ration,
          portal_sewer_entry_b
D:6:      kennysheep_mini_moat, lemuel_doored_altar,
          gammafunk_temple_overflow_statue, ebering_ghost_inner_flame
D:7:      minmay_misc_feat_tiny, roderic_batcave, kennysheep_windowed_goal,
          uniq_crazy_yiuf_cottage
D:8:      nicolae_overflow_hidden_temple, serial_park, serial_park_avenue1,
          serial_park_tiny_2, serial_park_square3
D:9:      lemuel_coloured_pillars_altar, okawaru_trees_2,
          gammafunk_temple_overflow_arena, orc_0_dummy, grunt_ogre_cave,
          chequers_serial_rivers_micro_c, uniq_grum, uniq_erolcha, uniq_joseph
D:10:     erik_lair_orcish_takeover, hex_medium, ebering_dispersal_statue_hall
Temple:   chequers_temple_sunken
Lair:1:   hellmonk_ghost_happy_afterlife, minivault_19, grunt_megastairs_3,
          lemuel_fruit_tree, uniq_harold
Lair:2:   ebering_ghost_disaster_area

Skill      XL: |  1  2  3  4  5  6  7  8  9 10 11 |
---------------+----------------------------------+-----
Polearms       | 3 4 5 7 8 9 |  9.3
Armour         | 1 2 3 4 5 6 |  6.9
Dodging        | 3 4 5 6 7 |  7.6
Fighting       | 3 4 5 6 7 8 |  8.0
Invocations    | 2 4 7 |  7.5
Shields        | 1 3 4 |  4.5
Throwing       | |  1.7

Action                   |  1- 3 |  4- 6 |  7- 9 | 10-12 || total
-------------------------+-------+-------+-------+-------++-------
Melee: Trident           |   111 |   290 |   532 |   334 ||  1267
       Kick              |    16 |    65 |   134 |    91 ||   306
Throw: Throwing net      |       |     3 |       |       ||     3
Invok: Animate Remains   |       |       |    21 |     2 ||    23
       Recall Undead Sla |       |       |     3 |     4 ||     7
       Animate Dead      |       |       |     1 |    17 ||    18
       Injury Mirror     |       |       |       |     5 ||     5
  Use: Scroll            |       |       |    15 |     5 ||    20
       Potion            |       |       |       |     4 ||     4
 Stab: Held in net/web   |       |     1 |       |       ||     1
       Distracted        |       |       |     2 |     4 ||     6
       Sleeping          |       |       |     1 |     3 ||     4
  Eat: Chunk             |     1 |     9 |    17 |     6 ||    33
       Ration            |       |       |     2 |     4 ||     6
Armor: Leather armour    |    17 |       |       |       ||    17
       Ring mail         |    15 |    47 |       |       ||    62
       Scale mail        |       |    40 |   127 |       ||   167
       Shadow dragon sca |       |       |    30 |    85 ||   115
       Skin              |       |       |       |     8 ||     8
Dodge: Dodged            |    48 |   134 |   191 |   108 ||   481
Block: Other             |       |    34 |    95 |    11 ||   140
       Buckler           |       |       |       |    88 ||    88

Table legend:
 A = Non-vault XP
 B = Vault XP
 C = Vault XP percentage of total XP
 D = Non-vault monster count
 E = Vault monster count
 F = Vault count percentage of total count
                 A         B        C        D         E       F
            +---------+---------+-------+---------+---------+-------
      Total |   10334 |    5093 |  33.0 |     226 |      72 |  24.2
            +---------+---------+-------+---------+---------+-------
        D:1 |      41 |       3 |   6.8 |      24 |       2 |   7.7
        D:2 |      90 |     109 |  54.8 |      23 |      20 |  46.5
        D:3 |     116 |      21 |  15.3 |      32 |      11 |  25.6
        D:4 |     354 |       0 |   0.0 |      14 |       0 |   0.0
        D:5 |     367 |       9 |   2.4 |       8 |       3 |  27.3
        D:6 |    1121 |       1 |   0.1 |      41 |       1 |   2.4
        D:7 |     804 |      50 |   5.9 |      24 |      11 |  31.4
        D:8 |     892 |     136 |  13.2 |      12 |       2 |  14.3
        D:9 |    2543 |    1599 |  38.6 |      25 |       6 |  19.4
       D:10 |     545 |     478 |  46.7 |       9 |       8 |  47.1
     Lair:1 |     951 |    2687 |  73.9 |       6 |       8 |  57.1
     Lair:2 |    2510 |       0 |   0.0 |       8 |       0 |   0.0
            +---------+---------+-------+---------+---------+-------
